 Dungeon Crawl Stone Soup version 0.24-a0-539-g6aae15eeb0 (webtiles) character file.

Game seed: 4964941660808748640

16148 Froggeryz the Frost Mage (level 12, -2/93 HPs)
             Began as a Naga Ice Elementalist on Aug 10, 2019.
             Was an Elder of Vehumet.
             Slain by a polar bear (25 damage)
             ... in an ice cave on Aug 17, 2019.
             The game lasted 00:38:56 (12130 turns).

Froggeryz the Frost Mage (Naga Ice Elementalist)   Turns: 12130, Time: 00:38:57

Health: -2/93      AC: 16    Str: 11    XL:     12   Next: 34%
Magic:  14/31      EV:  8    Int: 19    God:    Vehumet [****..]
Gold:   116        SH:  8    Dex: 16    Spells: 13/25 levels left

rFire    + . .     SeeInvis +   w - +5 long sword (slice)
rCold    . . .     Gourm    .   F - +2 buckler
rNeg     . . .     Faith    .   x - +2 robe {rF+}
rPois    +         Spirit   .   (no helmet)
rElec    .         Reflect  .   (no cloak)
rCorr    .         Harm     .   G - +1 pair of gloves {Dex+3}
MR       +....                  h - +0 naga barding
Stlth    ++........             (no amulet)
HPRegen  0.25/turn              u - ring of magical power
MPRegen  0.22/turn              y - +3 ring of protection

@: very slow
A: large, see invisible, deformed body, poison resistance, slowness 2, slow
metabolism 1, spit poison 1, AC +4
a: Spit Poison, Renounce Religion


You were in an ice cave.
You worshipped Vehumet.
Vehumet was greatly pleased with you.
You were hungry.

You visited 2 branches of the dungeon, and saw 12 of its levels.
You also visited: Sewer and Ice Cave.

You collected 778 gold pieces.
You spent 662 gold pieces at shops.

Inventory:

Hand Weapons
 j - a +0 scimitar of protection
 w - a +5 long sword of slicing (weapon)
 D - a +1 scimitar of holy wrath
Armour
 h - a +0 naga barding (worn)
 x - a +2 robe of fire resistance (worn)
 F - a +2 buckler (worn)
 G - a +1 pair of gloves of dexterity (worn)
Magical Staves
 H - an uncursed staff of wizardry
Jewellery
 u - a ring of magical power (left hand)
 y - a +3 ring of protection (right hand)
 E - an uncursed ring of stealth
Wands
 e - a wand of random effects (37)
 v - a wand of polymorph (16)
 A - a wand of flame (12)
Scrolls
 a - a scroll of teleportation
 n - 3 scrolls of magic mapping
 p - 2 scrolls of identify
 r - 2 scrolls of fog
 s - 7 scrolls of remove curse
 I - a scroll of amnesia
 J - 2 scrolls of holy word
Potions
 b - a potion of cancellation
 d - a potion of might
 f - a potion of haste
 g - a potion of magic {unknown}
 k - 2 potions of heal wounds
 l - 5 potions of flight
 m - a potion of lignification
 o - 2 potions of resistance
 q - a potion of agility
 t - 2 potions of mutation {unknown}
 z - 2 potions of curing
 B - 3 potions of brilliance
Comestibles
 c - 23 rations


   Skills:
 - Level 2.0 Fighting
   Level 2.6 Axes
 - Level 1.5 Dodging
 - Level 3.0 Stealth
 - Level 7.1 Shields
 - Level 7.0 Spellcasting
 - Level 9.0 Conjurations
 - Level 4.8 Summonings
 + Level 12.0 Ice Magic
 - Level 3.3 Evocations


You had 13 spell levels left.
You knew the following spells:

 Your Spells              Type           Power        Failure   Level  Hunger
a - Freeze                Ice            ####         1%          1    None
b - Throw Icicle          Conj/Ice       #####...     1%          4    ###....
c - Summon Ice Beast      Ice/Summ       #####...     3%          4    ###....
d - Mephitic Cloud        Conj/Pois/Air  ###.....     2%          3    #......

Your spell library contained the following spells:

 Spells                   Type           Power        Failure   Level  Hunger
 Airstrike                Air            #.........   24%         4    ###....
 Summon Small Mammal      Summ           ####         1%          1    None
 Call Imp                 Summ           ####....     1%          2    None
 Throw Frost              Conj/Ice       #####.       1%          2    None
 Ozocubu's Armour         Chrm/Ice       ####....     2%          3    #......
 Call Canine Familiar     Summ           ####....     4%          3    #......
 Summon Guardian Golem    Hex/Summ       ###.....     11%         3    #......
 Summon Lightning Spire   Summ/Air       ###.....     36%         4    ###....


Dungeon Overview and Level Annotations

Branches:
Dungeon (11/15)            Temple (1/1) D:7            Lair (0/6) D:9
    Orc (0/2) D:9

Altars:
Ashenzari
Gozag
Hepliaklqana
Makhleb
Nemelex Xobeh
Qazlal
Ru
Trog
Uskayaw
Vehumet
Xom
Zin
Beogh

Shops:
D:6 *   D:8 [   D:10 *!*=


Innate Abilities, Weirdness & Mutations

You cannot wear boots.
Your serpentine skin is tough. (AC +4)
You have supernaturally acute eyesight. (SInv)
Armour fits poorly on your strangely shaped body.
Your system is resistant to poisons. (rPois)
You cover ground very slowly.
You have a slow metabolism.
You can spit poison.


Message History

Unknown command.
You hit the polar bear.
The polar bear is almost dead.
The polar bear bites you! The polar bear barely misses you.
The polar bear claws you but does no damage.
The polar bear bites you but does no damage.
The polar bear closely misses you.
The polar bear claws you but does no damage.
You closely miss the polar bear.
The polar bear is almost dead.
The polar bear bites you!
* * * LOW HITPOINT WARNING * * *
The polar bear claws you.
* * * LOW HITPOINT WARNING * * *
The polar bear claws you.
* * * LOW HITPOINT WARNING * * *
The yak gores you but does no damage.
Your ice beast barely misses the polar bear.
The polar bear bites you!!
You die...

## #..##
##..# .#
##†#
#..# .##
#..#
##.##
..###.##
#..#
..##..#
##.#
.....##
#.##
....##
#..##
...##
##..#
#..#
#Y@#
#.##
#Yh# ###
##.#
#..#
#..#
#.## ..
#.. ..#


You could see a polar bear (berserk), a yak and a friendly ice beast.

Vanquished Creatures
  6 hell knights (D:10)
  An unseen horror (D:10)
  2 necromancers (D:10)
  An ice statue (IceCv)
  4 centaur zombies
  3 polar bears (IceCv)
  Prince Ribbit (D:6)
  A hornet (D:8)
  A hippogriff (D:7)
  4 yaks
  A vampire (D:9)
  Eustachio (D:4)
  Menkaure (D:5)
  2 soldier ants (D:8)
  A water moccasin (D:8)
  6 hell hounds (D:10)
  8 ice beasts
  8 orc warriors
  5 phantoms
  3 sky beasts
  5 ogres
  An eye of draining (D:10)
  3 centaurs
  9 wolves
  A crocodile (D:9)
  2 big kobolds
  2 bullfrogs
  3 scorpions
  8 killer bees
  2 howler monkeys
  6 crimson imps
  8 hounds
  2 bullfrog skeletons
  A jelly (D:5)
  6 orc priests
  5 orc wizards
  3 iguanas
  Natasha (thrice) (D:3)
  12 worker ants
  A hound skeleton (D:6)
  A worker ant zombie (D:7)
  3 gnolls (D:6)
  11 adders
  4 river rats
  3 shadow imps
  5 adder skeletons
  3 worms
  2 dart slugs
  4 leopard geckos
  38 orcs
  8 bats
  5 giant cockroaches
  2 goblins
  11 hobgoblins
  13 jackals
  6 quokkas
  3 ball pythons
  7 frilled lizards
  2 jackal skeletons (D:4)
  13 kobolds
  A quokka skeleton (D:5)
  11 rats
299 creatures vanquished.

Vanquished Creatures (collateral kills)
  7 polar bears (IceCv)
  3 yaks
  A hell hound (D:10)
  A porcupine (D:10)
  An ice beast (D:11)
  4 wolves (IceCv)
17 creatures vanquished.

Vanquished Creatures (others)
  4 toadstools (D:1)
4 creatures vanquished.

Grand Total: 320 creatures vanquished

Notes
Turn   | Place    | Note
-------+----------+-------------------------------------------
     0 | D:1      | Froggeryz the Naga Ice Elementalist began the quest for the
                  | Orb.
     0 | D:1      | Reached XP level 1. HP: 15/15 MP: 3/3
   109 | D:1      | Reached XP level 2. HP: 11/22 MP: 1/5
   537 | D:1      | Reached skill level 4 in Ice Magic
   636 | D:1      | Reached XP level 3. HP: 28/28 MP: 6/6
  1166 | D:2      | Found a bloodstained altar of Trog.
  1259 | D:2      | Reached XP level 4. HP: 36/36 MP: 5/7
  1369 | D:2      | Reached skill level 5 in Ice Magic
  1566 | D:3      | Noticed Natasha
  1579 | D:3      | Killed Natasha
  1642 | D:3      | Reached XP level 5. HP: 29/42 MP: 8/8
  1666 | D:3      | Reached skill level 6 in Ice Magic
  1723 | D:3      | Found a sacrificial altar of Ru.
  1900 | D:3      | Found a glowing drain.
  1908 | Sewer    | Entered a sewer
  2174 | Sewer    | Noticed a big kobold
  2196 | Sewer    | Killed a big kobold
  2196 | Sewer    | Reached XP level 6. HP: 48/49 MP: 4/9
  2221 | Sewer    | Found a glowing silver altar of Zin.
  2276 | D:3      | Noticed Natasha
  2292 | D:3      | Killed Natasha
  2292 | D:3      | Reached skill level 7 in Ice Magic
  2381 | D:3      | Noticed Natasha
  2389 | D:3      | Killed Natasha
  2389 | D:3      | Reached skill level 1 in Fighting
  2400 | D:3      | Learned a level 4 spell: Throw Icicle
  2848 | D:3      | Found a radiant altar of Vehumet.
  2870 | D:3      | Became a worshipper of Vehumet
  3090 | D:4      | Reached XP level 7. HP: 59/60 MP: 10/10
  3219 | D:4      | Noticed Eustachio
  3262 | D:4      | Killed Eustachio
  3628 | D:5      | Entered Level 5 of the Dungeon
  3636 | D:5      | Found a shimmering altar of Xom.
  3638 | D:5      | Found a sparkling altar of Nemelex Xobeh.
  3703 | D:5      | Noticed Blork the orc
  3705 | D:5      | Noticed Blork
  3705 | D:5      | Blork the orc changed into Blork the worker ant
  3711 | D:5      | Killed Blork the worker ant
  3855 | D:5      | Reached skill level 1 in Evocations
  3948 | D:5      | Found a burning altar of Makhleb.
  3971 | D:5      | Found a hide-covered altar of Uskayaw.
  3974 | D:5      | Noticed a +0 hand axe
  3974 | D:5      | Noticed a +0 hand axe
  3988 | D:5      | Reached XP level 8. HP: 33/67 MP: 11/11
  3993 | D:5      | Reached * piety under Vehumet
  3993 | D:5      | Offered knowledge of Sting by Vehumet.
  4155 | D:5      | Found a stormy altar of Qazlal.
  4158 | D:5      | Noticed an air elemental
  4158 | D:5      | Noticed a water elemental
  4421 | D:5      | Noticed Menkaure
  4428 | D:5      | Killed Menkaure
  4680 | D:6      | Reached skill level 5 in Conjurations
  5109 | D:6      | Noticed Prince Ribbit
  5119 | D:6      | Killed Prince Ribbit
  5132 | D:6      | Found Zin's Purification Station.
  5137 | D:6      | Found a glowing silver altar of Zin.
  5165 | D:6      | Found a shattered altar of Ashenzari.
  5490 | D:6      | Reached XP level 9. HP: 73/73 MP: 15/15
  5656 | D:7      | Found a staircase to the Ecumenical Temple.
  5749 | D:7      | Offered knowledge of Shock by Vehumet.
  5758 | D:7      | Reached ** piety under Vehumet
  5758 | D:7      | Reached skill level 5 in Spellcasting
  5835 | D:7      | Found an opulent altar of Gozag.
  6269 | D:7      | Found a hazy altar of Hepliaklqana.
  6465 | Temple   | Entered the Ecumenical Temple
  6626 | D:8      | Noticed Grum
  6642 | D:8      | Noticed Grum
  6642 | D:8      | Grum changed into Grum the water moccasin
  6645 | D:8      | Killed Grum the water moccasin
  6662 | D:8      | Reached XP level 10. HP: 40/80 MP: 14/20
  6925 | D:8      | Found Beips's Antique Armour Shop.
  6940 | D:8      | Bought a shiny buckler for 217 gold pieces
  6940 | D:8      | Bought a pair of glowing gloves for 217 gold pieces
  7057 | D:8      | Offered knowledge of Searing Ray by Vehumet.
  7057 | D:8      | Reached skill level 1 in Shields
  7498 | D:8      | Reached *** piety under Vehumet
  7701 | D:9      | Found a staircase to the Lair.
  7709 | D:9      | Found a staircase to the Orcish Mines.
  7946 | D:9      | Offered knowledge of Inner Flame by Vehumet.
  7946 | D:9      | Reached skill level 8 in Ice Magic
  7953 | D:9      | Learned a level 4 spell: Summon Ice Beast
  8393 | D:9      | Reached skill level 1 in Summonings
  8602 | D:9      | Found a roughly hewn altar of Beogh.
  8638 | D:10     | Entered Level 10 of the Dungeon
  8725 | D:10     | Reached **** piety under Vehumet
  8800 | D:10     | Found Xaickant's Jewellery Emporium.
  8837 | D:10     | Bought a cursed ring of teleportation for 58 gold pieces
  8871 | D:10     | Offered knowledge of Mephitic Cloud by Vehumet.
  8871 | D:10     | Reached skill level 5 in Shields
  8881 | D:10     | Reached XP level 11. HP: 73/86 MP: 16/21
  8915 | D:10     | Found Vouminoe's Assorted Antiques.
  8928 | D:10     | Bought a scroll of fog for 54 gold pieces
  8947 | D:10     | Found Sedij's Distillery.
  8956 | D:10     | Upgraded the game from 0.24-a0-535-gbb0d440638 to
                  | 0.24-a0-536-gdd4cf15266
  8962 | D:10     | Found Uju Ung's Assorted Antiques.
  8979 | D:10     | Bought 2 scrolls labeled JIJADD HERRIL for 58 gold pieces
  8980 | D:10     | Bought a scroll of identify for 58 gold pieces
  8996 | D:10     | Noticed an unseen horror
  9012 | D:10     | Killed an unseen horror
  9029 | D:10     | Noticed Psyche
  9049 | D:10     | Noticed Psyche
  9049 | D:10     | Psyche changed into Psyche the porcupine
  9052 | D:10     | Killed Psyche the porcupine
  9220 | D:10     | Learned a level 3 spell: Mephitic Cloud
  9554 | D:10     | Noticed a necromancer
  9563 | D:10     | Noticed a hell knight
  9565 | D:10     | Noticed a necromancer
  9704 | D:10     | Killed a hell knight
  9707 | D:10     | Noticed a hell knight
  9708 | D:10     | Killed a necromancer
  9717 | D:10     | Killed a hell knight
  9722 | D:10     | Noticed a hell knight
  9725 | D:10     | Killed a hell knight
  9727 | D:10     | Reached skill level 9 in Ice Magic
  9728 | D:10     | Noticed a hell knight
  9741 | D:10     | Noticed a hell knight
  9744 | D:10     | Killed a hell knight
  9753 | D:10     | Killed a hell knight
  9758 | D:10     | Killed a necromancer
  9758 | D:10     | Reached skill level 10 in Ice Magic
 10069 | D:10     | Noticed a hell knight
 10074 | D:10     | Killed a hell knight
 10135 | D:11     | Found a frozen archway.
 10147 | D:10     | Reached XP level 12. HP: 81/93 MP: 22/22
 10152 | D:10     | Upgraded the game from 0.24-a0-536-gdd4cf15266 to
                  | 0.24-a0-539-g6aae15eeb0
 10559 | D:11     | Found the +3 Elemental Staff {rElec rF++ rC++ MR++ AC+5}
 10561 | IceCv    | Entered an ice cave
 10566 | IceCv    | Reached ***** piety under Vehumet
 10569 | IceCv    | Reached skill level 11 in Ice Magic
 10576 | IceCv    | Offered knowledge of Airstrike by Vehumet.
 12117 | IceCv    | Reached skill level 12 in Ice Magic
 12130 | IceCv    | Slain by a polar bear

Levels and vault maps discovered:
D:1:      ldierk_water_garden, layout_basic, st_stairs_7,
          chequers_serial_rivers_micro_b
D:2:      layout_rooms, bloody_trog
D:3:      layout_loops_ring, nicolae_overflow_crystal_walls,
          lemuel_coloured_pillars_altar, first_ration, portal_sewer_entry_b,
          serial_glass, glass_columns_a, glass_columns_a,
          minmay_strange_pillars, due_unseen_surprise, feat_on_display,
          item_on_display_a, uniq_natasha
D:4:      layout_basic, uniq_eustachio
D:5:      layout_basic, marbit_many_paths, nicolae_qazlal_style_of_elements,
          dancing_weapons_uskayaw, chequers_temple_overflow_statue_of_worship,
          serial_bayou, serial_bayou_shore_a, serial_bayou_pond_a,
          serial_bayou_pond_d, serial_bayou_pond_c, serial_bayou_lagoon_b,
          uniq_menkaure, uniq_blork_the_orc
D:6:      layout_gridville, zin_purify, lemuel_doored_altar,
          minmay_fire_ice_demons, uniq_prince_ribbit1
D:7:      layout_loops_cross, nicolae_gozag_cash_rules_everything_around_me,
          minmay_temple_entry_statues_fountains, basic_altar
D:8:      layout_cave_pools, serial_shops, nicolae_shop_stone, special_room
          [special_room_orc], hangedman_pestilent_swarm, uniq_grum
D:9:      layout_roguey, dpeg_oklobed_lair, minmay_orc_entry_temple_small
D:10:     layout_basic, serial_shops, shop, nicolae_shop_overgrown_old_shop,
          nicolae_shop_waterfront, kennysheep_little_box, minmay_rotating_lava,
          uniq_psyche
D:11:     kennysheep_big_flooded_room, layout_irregular_city,
          portal_ice_cave_entry_ice_beasts, corexii_corridor_pit, fountainhead
Temple:   minmay_temple_bridge_abc
IceCv:    ice_cave_small_giant

Skill      XL: |  1  2  3  4  5  6  7  8  9 10 11 12 |
---------------+-------------------------------------+-----
Ice Magic      | 4 5 6 7 8 10 12 | 12.0
Fighting       | 2 |  2.0
Conjurations   | 4 6 8 9 |  9.0
Axes           | 2 |  2.6
Evocations     | 2 3 |  3.3
Spellcasting   | 4 6 7 |  7.0
Shields        | 5 7 |  7.1
Summonings     | 2 4 |  4.8
Dodging        | |  1.5
Stealth        | |  3.0

Action                   |  1- 3 |  4- 6 |  7- 9 | 10-12 || total
-------------------------+-------+-------+-------+-------++-------
Melee: Unarmed           |     4 |       |       |       ||     4
       Short sword       |    55 |    26 |       |       ||    81
       Hand axe          |       |   126 |    57 |       ||   183
       Long sword        |       |       |   184 |   233 ||   417
       Scimitar          |       |       |       |   120 ||   120
       Staff             |       |       |       |     6 ||     6
 Cast: Freeze            |    34 |    37 |    69 |    89 ||   229
       Throw Icicle      |       |       |    15 |   103 ||   118
       Summon Ice Beast  |       |       |       |    41 ||    41
       Mephitic Cloud    |       |       |       |    11 ||    11
 Abil: Spit Poison       |     9 |    16 |    23 |    20 ||    68
Evoke: Wand              |       |       |    18 |     6 ||    24
  Use: Scroll            |     1 |     3 |     9 |    13 ||    26
       Potion            |       |     2 |     2 |     2 ||     6
 Stab: Sleeping          |     5 |     7 |     9 |     4 ||    25
       Distracted        |     1 |       |       |     6 ||     7
  Eat: Chunk             |     2 |     6 |    14 |    16 ||    38
       Ration            |       |       |       |     5 ||     5
Armor: Robe              |    51 |   108 |   188 |   388 ||   735
Dodge: Dodged            |    49 |    99 |   172 |   218 ||   538
Block: Buckler           |       |       |       |   242 ||   242
       Rpst.: Long sword |       |       |    38 |    34 ||    72
       Scimitar          |       |       |       |    19 ||    19

Table legend:
 A = Non-vault XP
 B = Vault XP
 C = Vault XP percentage of total XP
 D = Non-vault monster count
 E = Vault monster count
 F = Vault count percentage of total count
                 A         B        C        D         E       F
            +---------+---------+-------+---------+---------+-------
      Total |    8296 |   14773 |  64.0 |     212 |     104 |  32.9
            +---------+---------+-------+---------+---------+-------
        D:1 |      34 |       1 |   2.9 |      21 |       1 |   4.5
        D:2 |      86 |       0 |   0.0 |      25 |       0 |   0.0
        D:3 |     243 |      80 |  24.8 |      30 |       7 |  18.9
        D:4 |     173 |     197 |  53.2 |      16 |       1 |   5.9
        D:5 |     449 |     246 |  35.4 |      15 |       3 |  16.7
        D:6 |     488 |     333 |  40.6 |      14 |       2 |  12.5
        D:7 |    1709 |       0 |   0.0 |      26 |       0 |   0.0
        D:8 |     755 |    1855 |  71.1 |      18 |      23 |  56.1
        D:9 |    1465 |     474 |  24.4 |      19 |      12 |  38.7
       D:10 |    2894 |    7354 |  71.8 |      28 |      19 |  40.4
       D:11 |       0 |     345 | 100.0 |       0 |       3 | 100.0
      Sewer |       0 |     132 | 100.0 |       0 |      10 | 100.0
      IceCv |       0 |    3756 | 100.0 |       0 |      23 | 100.0
            +---------+---------+-------+---------+---------+-------
